 Dungeon Crawl Stone Soup version 0.31-a0-1581-g41d5ff3e7b (webtiles) character file.

Game seed: 16523893317705390877

2888 Gargoyl the Protected (level 9, -6/56 HPs)
             Began as a Gargoyle Berserker on Jan 5, 2024.
             Was a Priest of Trog.
             Mangled by a wight
             ... wielding a +3 battleaxe
              (10 damage)
             ... on level 7 of the Dungeon.
             The game lasted 00:08:07 (5293 turns).

Gargoyl the Protected (Gargoyle Berserker)          Turns: 5293, Time: 00:08:07

Health: -6/56      AC: 17    Str: 18 (21) XL:     9   Next: 77%
Magic:  9/9        EV: 11    Int:  7 (8)  God:    Trog [***...]
Gold:   368        SH:  0    Dex: 11 (13) Spells: 8/8 levels left

rFire   . . .        a - +0 hand axe (heavy)
rCold   . . .        (no shield)
rNeg    + . .        c - +1 scale mail
rPois   ∞            (no helmet)
rElec   +            (no cloak)
rCorr   .            g - +0 pair of gloves
SInv    .            (no boots)
Will    ++++.        (no amulet) Stlth
                     m - ring of willpower
HPRegen 1.29/turn    (no ring)
MPRegen 0.11/turn

%: no passive effects
@: brilliant, strong-willed (expiring), on berserk cooldown, attractive,
enlightened, flying, regenerating (expiring), hasted and slowed
A: sickness immunity, AC +6, negative energy resistance 1, electricity
resistance, torment resistance 1, petrification resistance
a: Renounce Religion, Berserk, Trog's Hand


You were on level 7 of the Dungeon.
You worshipped Trog.
Trog was most pleased with you.
You visited 1 branch of the dungeon, and saw 7 of its levels.

You collected 368 gold pieces.

Inventory:

Hand Weapons
 a - a +0 heavy hand axe (weapon)
 q - a +1 dire flail of venom
 v - a +0 war axe
Missiles
 p - 5 poisoned darts (quivered)
Armour
 c - a +1 scale mail (worn)
 g - a +0 pair of gloves (worn)
Jewellery
 f - a +6 ring of intelligence
 m - a ring of willpower (left hand)
 u - a ring of protection from fire
Wands
 s - a wand of polymorph (8)
Scrolls
 e - 4 scrolls of teleportation
 j - 2 scrolls of identify
 n - 2 scrolls of immolation
 t - a scroll of fog
Potions
 d - 3 potions of might
 l - a potion of mutation {unknown}
 o - 2 potions of enlightenment


   Skills:
 + Level 6.3 Fighting
 + Level 8.2 Axes
 + Level 8.6 Armour
 + Level 4.0 Dodging
 + Level 0.6 Stealth


You had 8 spell levels left.
You didn't know any spells.
Your spell library was empty.

Dungeon Overview and Level Annotations

Branches:
Dungeon (7/15)
 Temple: D:4-7

Altars:
Dithmenos
Makhleb
Nemelex Xobeh
Ru

Shops:
D:2 [   D:4 [

Annotations:
D:6 Jeremiah


Innate Abilities, Weirdness & Mutations

You are immune to sickness and miasma.
Your stone body is resilient. (AC +6)
You are immune to poison.
You resist negative energy. (rN+)
You are resistant to electric shocks. (rElec)
You are resistant to unholy torment.
You are immune to petrification.


Message History

The wight closely misses you. The white imp closely misses you.
The ufetubus closely misses you.
The ufetubus hits you but does no damage.
As you read the scroll labelled USOTEU RIKUACO, it crumbles to dust.
You assume a fearsome visage.
The wight is unaffected. x3
The white imp looks frightened!
The ufetubus looks frightened!
It was a scroll of fear.
The wight completely misses you.
The wight hits you from afar with a +2 spear!
* * * LOW HITPOINT WARNING * * *
The wight hits you but does no damage.
You feel better. The wight barely misses you. x2
The wight hits you with a +3 short sword.
* * * LOW HITPOINT WARNING * * *
The wight barely misses you. The wight closely misses you. x2
It was a potion of enlightenment.
You feel very buoyant.
You fly up into the air.
The wight barely misses you. The wight misses you.
The wight hits you with a +3 short sword.
* * * LOW HITPOINT WARNING * * *
It was a potion of brilliance.
You feel clever all of a sudden. The wight hits you with a +3 battleaxe!
* * * LOW HITPOINT WARNING * * *
The wight hits you but does no damage. The wight completely misses you.
The wight closely misses you. The wight hits you but does no damage.
The wight barely misses you.
It was a potion of degeneration.
There was something very wrong with that liquid.
You feel weakened.
You feel dopey.
You feel clumsy.
You feel the effects of Trog's Hand fading.
The wight closely misses you.
The wight hits you but does no damage. x2
It was a potion of haste.
You feel yourself speed up.
The wight hits you but does no damage. x5
The wight hits you with a +3 battleaxe.
* * * LOW HITPOINT WARNING * * *
It was a potion of attraction.
You feel attractive to monsters.
An orc comes into view. It is wielding a +0 club.
The wight hits you with a +3 battleaxe!
You die...

.... #<....#
...##.....##. #
#..........o.
..##...........
.............#
.............###
#...)z.......
.##...@.z......
.......z)....##.
..##!.##.....#
#.. #........ #.
......... +.
.......... #
...........
####.....##.
#.....#


You could see 3 wights and an orc (wandering).

Vanquished Creatures
  A shadow (D:5)
  Edmund (D:6)
  2 water moccasins (D:6)
  2 ice beasts (D:5)
  An orc warrior (D:6)
  A black bear (D:5)
  An ogre (D:5)
  A phantom (D:6)
  4 scorpions
  7 wights
  Dowan (D:6)
  2 hounds
  2 jellies
  2 orc priests
  3 bombardier beetles
  4 sleepcaps
  5 orc wizards
  2 iguanas
  7 gnolls
  5 adders
  2 white imps (D:6)
  2 dart slugs
  2 ribbon worms (D:2)
  18 orcs
  7 ball pythons
  3 bat skeletons (D:2)
  11 endoplasms
  3 giant cockroaches
  11 goblins
  9 hobgoblins
  6 jackals
  2 quokkas
  4 ball python skeletons (D:2)
  A ball python zombie (D:2)
  5 bats
  4 frilled lizards
  A giant cockroach zombie (D:2)
  A jackal skeleton (D:2)
  4 kobolds
  A quokka skeleton (D:2)
  2 quokka zombies (D:2)
  9 rats
162 creatures vanquished.

Vanquished Creatures (collateral kills)
  Menkaure (D:6)
  Duvessa (D:6)
  A water moccasin (D:6)
  A bombardier beetle (D:6)
  A sleepcap (D:6)
  An orc wizard (D:6)
  3 orcs (D:6)
9 creatures vanquished.

Grand Total: 171 creatures vanquished

Notes
Turn   | Place    | Note
-------+----------+-------------------------------------------
     0 | D:1      | Gargoyl the Gargoyle Berserker began the quest for the Orb.
     0 | D:1      | Reached XP level 1. HP: 14/14 MP: 1/1
   235 | D:1      | Reached XP level 2. HP: 19/19 MP: 2/2
   790 | D:2      | Found Udilunoptu's Antique Armour Shoppe.
   882 | D:2      | Reached XP level 3. HP: 24/24 MP: 3/3
   957 | D:2      | Reached ** piety under Trog
  1252 | D:2      | Reached XP level 4. HP: 29/29 MP: 4/4
  1611 | D:3      | Reached XP level 5. HP: 33/33 MP: 5/5
  1670 | D:3      | Reached *** piety under Trog
  2093 | D:3      | Found a sacrificial altar of Ru.
  2186 | D:3      | Found a burning altar of Makhleb.
  2263 | D:4      | Reached XP level 6. HP: 29/39 MP: 6/6
  2801 | D:4      | Found Zystrive's Antique Armour Shop.
  2889 | D:4      | Reached skill level 5 in Axes
  2994 | D:4      | Found a sparkling altar of Nemelex Xobeh.
  3042 | D:5      | Entered Level 5 of the Dungeon
  3133 | D:5      | Noticed an ice beast
  3140 | D:5      | Killed an ice beast
  3141 | D:5      | Reached skill level 5 in Fighting
  3141 | D:5      | Reached XP level 7. HP: 44/44 MP: 7/7
  3582 | D:5      | Noticed a shadow
  3616 | D:5      | Killed a shadow
  3617 | D:5      | Reached skill level 5 in Armour
  3617 | D:5      | Reached XP level 8. HP: 41/50 MP: 8/8
  3830 | D:5      | Found a shadowy altar of Dithmenos.
  3913 | D:5      | Identified the +7 whip of Kiedov {freeze, rF++ Str-4}
  4330 | D:6      | HP: 1/50 [something/puff of flame (7)]
  4456 | D:6      | Reached **** piety under Trog
  4463 | D:6      | Noticed Edmund
  4485 | D:6      | Killed Edmund
  4593 | D:6      | Noticed Duvessa
  4598 | D:6      | Reached XP level 9. HP: 55/55 MP: 9/9
  4598 | D:6      | Noticed Dowan
  4599 | D:6      | Killed Duvessa
  4601 | D:6      | Killed Dowan
  4606 | D:6      | Noticed Menkaure
  4609 | D:6      | Killed Menkaure
  5040 | D:6      | Noticed Jeremiah
  5287 | D:7      | HP: 1/56 [wight/+2 spear (11)]
  5292 | D:7      | HP: 2/56 [wight/+3 battleaxe (3)]
  5293 | D:7      | Mangled by a wight

Illustrated notes

Levels and vault maps discovered:
D:1:      saegor_arrival_simple_a, layout_basic
D:2:      layout_loops_ring, serial_shops, shop, serial_undead, serial_undead_a,
          serial_undead_d, serial_undead_a, serial_undead_a, st_stairs_10,
          minmay_small_reverse_x
D:3:      layout_rooms, nicolae_ru_the_path_less_chosen, lightli_temple_of_fire,
          minmay_goblin_outpost
D:4:      layout_cave_pools, nemelex_spade_bored_becter, serial_shops,
          nicolae_shop_just_a_little_nook
D:5:      minmay_chambers_of_fours, layout_loops_ring,
          nicolae_dithmenos_the_darkroom
D:6:      layout_rooms, dreamdust_princess_corridor, minmay_circle_x,
          uniq_edmund, uniq_menkaure, uniq_duvessa, uniq_jeremiah
D:7:      layout_gridville, temple_statues, serial_shops, kennysheep_mini

Skill      XL: |  1  2  3  4  5  6  7  8  9 |
---------------+----------------------------+-----
Axes           | 3 4 5 6 7 8 |  8.2
Fighting       | 4 5 6 |  6.3
Armour         | 3 4 5 7 8 |  8.6
Dodging        | 2 3 4 |  4.0
Stealth        | |  0.6

Action                     |  1- 3 |  4- 6 |  7- 9 || total
---------------------------+-------+-------+-------++-------
  Melee: Hand axe          |   105 |   156 |   188 ||   449
         Punch             |       |     1 |     4 ||     5
 Invoke: Berserk           |     2 |     6 |    10 ||    18
         Trog's Hand       |       |     2 |     8 ||    10
         Brothers in Arms  |       |       |     1 ||     1
    Use: Scroll            |     4 |     5 |     3 ||    12
         Potion            |       |       |    10 ||    10
 Armour: Scale mail        |    89 |   194 |   246 ||   529
  Dodge: Dodged            |    68 |   160 |   148 ||   376

Table legend: (Time is in decaauts)
 A = Elapsed time spent in this place.
 B = Non-inter-level travel time spent in this place.
 C = Inter-level travel time spent in this place.
 D = Time resting spent in this place.
 E = Time spent auto-exploring this place.
 F = Levels seen in this place.
 G = Mean time per level.
                   A        B        C        D        E       F      G
               +--------+--------+--------+--------+--------+-----+--------+
         Total |   5582 |   5463 |    119 |    785 |   3200 |   7 |  797.4 |
       Dungeon |   5582 |   5463 |    119 |    785 |   3200 |   7 |  797.4 |
               +--------+--------+--------+--------+--------+-----+--------+

Top non-repeatable levels by time:
     D:5: 1328 daAuts
     D:6: 1069 daAuts
     D:3: 1060 daAuts
     D:1: 794 daAuts
     D:2: 705 daAuts
     D:4: 598 daAuts
     D:7: 26 daAuts
